 Dungeon Crawl Stone Soup version 0.29.1-2-gbd0b4ee654 (webtiles) character file.

Game seed: 17277567882603436537

3512 GigaChad the Protected (level 9, -2/83 HPs)
             Began as a Minotaur Fighter on Nov 21, 2022.
             Was an Initiate of Gozag.
             Slain by a warg (6 damage)
             ... on level 9 of the Dungeon.
             The game lasted 00:18:20 (6785 turns).

GigaChad the Protected (Minotaur Fighter)           Turns: 6785, Time: 00:18:22

Health: -2/83      AC: 11    Str: 25    XL:     9   Next: 81%
Magic:  8/8        EV:  8    Int:  5    God:    Gozag
Gold:   681        SH:  5    Dex: 10    Spells: 8/8 levels left

rFire   . . .      SeeInvis .   a - +1 war axe
rCold   . . .      Faith    .   c - +0 buckler
rNeg    . . .      Spirit   .   i - +0 chain mail
rPois   .          Reflect  .   (helmet restricted)
rElec   .          Harm     .   (no cloak)
rCorr   .          Rampage  .   (no gloves)
Will    .....                   (no boots)
Stlth   ..........              o - amulet of regeneration
HPRegen 1.03/turn               (no ring)
MPRegen 0.11/turn               (no ring)

@: gold aura
A: horns 2, retaliatory headbutt
a: Renounce Religion, Potion Petition, Call Merchant, Bribe Branch


You were on level 9 of the Dungeon.
You worshipped Gozag.
Gozag was pleased with you.
You visited 2 branches of the dungeon, and saw 10 of its levels.

You collected 1412 gold pieces.
You spent 148 gold pieces at shops.
You paid 583 gold pieces to Gozag.

Inventory:

Hand Weapons
 a - a +1 war axe (weapon)
 z - a +1 great mace of protection
 C - a +3 flail of protection
 D - a +4 quarterstaff of chaos
Armour
 b - a +0 scale mail
 c - a +0 buckler (worn)
 i - a +0 chain mail (worn)
Jewellery
 k - a ring of protection from cold
 m - a ring of see invisible
 o - an amulet of regeneration (around neck)
Wands
 w - a wand of polymorph (8)
 y - a wand of roots (10)
 B - a wand of flame (19)
Scrolls
 e - 2 scrolls of immolation
 h - 2 scrolls of fear
 p - 2 scrolls of butterflies
 q - 2 scrolls of amnesia
 s - a scroll of blinking
 v - 3 scrolls of identify
Potions
 d - a potion of might
 f - a potion of heal wounds {unknown}
 g - 3 potions of degeneration {unknown}
 j - a potion of lignification {unknown}
 l - 6 potions of curing
 n - a potion of flight {unknown}
 r - a potion of mutation {unknown}
 t - 2 potions of haste {unknown}
 u - 5 potions of attraction {unknown}
 x - a potion of berserk rage {unknown}
 A - a potion of brilliance {unknown}


   Skills:
 + Level 9.2 Fighting
 - Level 8.2 Axes
 + Level 10.5 Armour
 * Level 8.2 Shields


You had 8 spell levels left.
You didn't know any spells.
Your spell library contained the following spells:

 Spells                   Type           Power      Damage    Failure   Level
 Blink                    Tloc           0%         N/A       99%         2
 Ensorcelled Hibernation  Hex/Ice        0%         N/A       99%         2
 Passwall                 Tmut/Erth      0%         N/A       99%         2
 Poisonous Vapours        Pois/Air       0%         N/A       99%         2
 Gell's Gravitas          Tloc           0%         N/A       100%        3
 Lesser Beckoning         Tloc           0%         N/A       100%        3
 Portal Projectile        Hex/Tloc       0%         N/A       100%        3
 Swiftness                Air            0%         N/A       100%        3
 Teleport Other           Tloc           0%         N/A       100%        3
 Tukima's Dance           Hex            0%         N/A       100%        3
 Blade Hands              Tmut           0%         N/A       100%        5
 Manifold Assault         Tloc           0%         N/A       100%        5
 Dispersal                Tloc           0%         N/A       100%        6
 Corpse Rot               Necr/Pois/Air  Unusable   N/A       N/A         4

Dungeon Overview and Level Annotations

Branches:
Dungeon (9/15)             Temple (1/1) D:6            Lair (0/5) D:9
    Orc: D:9-12

Altars:
Ashenzari
Gozag
Hepliaklqana
Kikubaaqudgha
Nemelex Xobeh
Ru
Sif Muna
Trog
Uskayaw
Xom
The Shining One

Shops:
D:5 (


Innate Abilities, Weirdness & Mutations

You have a pair of horns on your head.
You reflexively headbutt those who attack you in melee.


Message History

The kobold shouts!
The kobold brigand shouts!
Things that are here:
21 gold pieces; a +0 club The kobold attacks as you move away!
The kobold barely misses you.
Things that are here:
9 gold pieces; a +0 short sword The kobold brigand is no longer distracted by gold.
The kobold is no longer distracted by gold. x2
You hit the kobold.
The kobold is moderately wounded.
The kobold hits you but does no damage.
You barely miss the kobold.
The kobold is moderately wounded.
The kobold barely misses you.
You hit the kobold but do no damage. You headbutt the kobold.
You kill the kobold!
The orc priest calls down the wrath of Beogh upon you.
Beogh smites you! The warg bites you!
* * * LOW HITPOINT WARNING * * *
You hear a shout!
You slash the warg!
The warg is moderately wounded.
The warg bites you.
* * * LOW HITPOINT WARNING * * *
You hit the warg but do no damage. Your headbutt misses the warg.
The warg is moderately wounded.
You block the warg's attack. The warg barely misses you.
You slash the warg!
The warg is severely wounded.
The warg bites you!
* * * LOW HITPOINT WARNING * * *
You closely miss the warg.
You hear a shout!
You headbutt the warg.
The warg is almost dead.
An orc wizard appears from thin air!
Reactivating autopickup.
You block the warg's attack. The warg bites you.
You die...
Your body crumbles into a pile of gold.

....... ..........
###....$....
.........K.
#.......... #
#).........
#.#.######oh......#
#....@hKK'oo......#
#.########Ko......#
#{.<...$.#
#{.......#
#h.......#
#.o.$.#####
....o...
#..........
.........P..


You could see 2 wargs, an orc priest, an orc wizard, 2 orcs and 3 kobolds.

Vanquished Creatures
  Prince Ribbit (D:6)
  A wyvern (D:6)
  2 steam dragons
  Edmund (D:6)
  A warg (D:9)
  Duvessa (D:5)
  An orc warrior (D:7)
  A sky beast (D:6)
  5 centaurs
  4 phantoms
  Blork the orc (D:6)
  2 kobold brigands (D:7)
  2 bullfrogs (D:7)
  A necrophage (D:6)
  4 scorpions
  A wight (D:8)
  Dowan (D:5)
  2 howler monkeys (D:7)
  4 orc priests
  A jelly (D:6)
  Crazy Yiuf (D:6)
  7 hounds
  An iguana (D:7)
  6 orc wizards
  2 gnolls
  9 adders
  A shadow imp (D:7)
  A white imp (D:7)
  5 ufetubi
  5 worms
  4 dart slugs
  23 orcs
  8 bats
  6 endoplasms
  4 giant cockroaches
  6 goblins
  10 hobgoblins
  4 jackals (D:5)
  20 kobolds
  8 quokkas
  12 ball pythons
  2 frilled lizards (D:3)
  8 rats
  A spectral hobgoblin (D:2)
191 creatures vanquished.

Notes
Turn   | Place    | Note
-------+----------+-------------------------------------------
     0 | D:1      | GigaChad the Minotaur Fighter began the quest for the Orb.
     0 | D:1      | Reached XP level 1. HP: 19/19 MP: 0/0
   183 | D:1      | Reached XP level 2. HP: 27/27 MP: 1/1
   259 | D:1      | You fall into a shaft and drop 1 floor!
   552 | D:1      | Reached skill level 4 in Armour
  1005 | D:2      | Reached XP level 3. HP: 29/33 MP: 2/2
  1262 | D:2      | Found a faded altar of an unknown god.
  1277 | D:2      | Prayed at the altar of an unknown god.
  1277 | D:2      | Became a worshipper of Gozag Ym Sagoz the Greedy
  1456 | D:2      | Reached XP level 4. HP: 40/40 MP: 3/3
  2658 | D:3      | Reached XP level 5. HP: 44/47 MP: 4/4
  2765 | D:3      | Reached skill level 5 in Axes
  3160 | D:4      | Reached XP level 6. HP: 45/53 MP: 5/5
  3229 | D:4      | Reached skill level 5 in Armour
  3362 | D:4      | Reached skill level 5 in Fighting
  3368 | D:4      | Reached XP level 7. HP: 32/61 MP: 6/6
  3910 | D:5      | Entered Level 5 of the Dungeon
  4141 | D:5      | Noticed Dowan
  4142 | D:5      | Noticed Duvessa
  4158 | D:5      | Killed Duvessa
  4166 | D:5      | Killed Dowan
  4594 | D:5      | Reached skill level 6 in Armour
  4598 | D:5      | Bought a +1 great mace of protection for 148 gold pieces
  4702 | D:5      | Noticed a steam dragon
  4709 | D:5      | Killed a steam dragon
  4710 | D:5      | Reached skill level 5 in Shields
  4710 | D:5      | Reached XP level 8. HP: 48/70 MP: 7/7
  4895 | D:6      | Found a staircase to the Ecumenical Temple.
  4911 | D:6      | Found a hazy altar of Hepliaklqana.
  4912 | D:6      | Noticed Blork the orc
  4944 | D:6      | Killed Blork the orc
  4945 | D:6      | Reached skill level 7 in Armour
  5068 | D:6      | Noticed Edmund
  5084 | D:6      | Killed Edmund
  5131 | D:6      | Reached skill level 8 in Armour
  5223 | D:6      | Found a large runed translucent door.
  5224 | D:6      | Found a large runed translucent door.
  5262 | D:6      | Found a shimmering altar of Xom.
  5269 | D:6      | Found a glowing golden altar of the Shining One.
  5294 | D:6      | Reached XP level 9. HP: 66/79 MP: 8/8
  5392 | D:6      | Noticed Prince Ribbit
  5433 | D:6      | Killed Prince Ribbit
  5567 | D:6      | Reached skill level 9 in Armour
  5584 | Temple   | Entered the Ecumenical Temple
  5819 | D:6      | Found a runed translucent door.
  5819 | D:6      | Noticed Crazy Yiuf
  5824 | D:6      | Killed Crazy Yiuf
  6349 | D:7      | Reached skill level 10 in Armour
  6741 | D:9      | Found a staircase to the Lair.
  6784 | D:9      | HP: 3/83 [warg (12)]
  6785 | D:9      | Slain by a warg

Illustrated notes

Levels and vault maps discovered:
D:1:      dpeg_arrival_refuge, layout_basic
D:2:      layout_basic, dreamdust_ecumenical_altar_drowned_temple,
          serial_park_tiny_2, grunt_ministairs_11
D:3:      layout_rooms, minmay_joined_circles
D:4:      layout_basic
D:5:      layout_basic, hangedman_decor_growths, uniq_duvessa
D:6:      layout_loops_ring, jmf_multi_god_temple2, mainiacjoe_overflow_paths,
          minmay_temple_entry_gardened_gates, chequers_mini_garden,
          uniq_prince_ribbit1, uniq_edmund, uniq_blork_the_orc,
          uniq_crazy_yiuf_cottage
D:7:      layout_loops_ring
D:8:      layout_cave_pools, kennysheep_mini_moat, serial_undead,
          serial_undead_a, serial_undead_f, serial_undead_d, serial_undead_a,
          serial_shops, shop, lightli_corner_chamber
D:9:      layout_basic, erik_lair_orcish_takeover, orc_0_dummy
Temple:   eino_narrow_crystal_temple

Skill      XL: |  1  2  3  4  5  6  7  8  9 |
---------------+----------------------------+-----
Fighting       | 4 5 7 9 |  9.2
Armour         | 4 5 6 8 10 | 10.5
Axes           | 3 4 5 7 8 |  8.2
Shields        | 4 5 6 8 |  8.2

Action                   |  1- 3 |  4- 6 |  7- 9 || total
-------------------------+-------+-------+-------++-------
Melee: War axe           |    68 |   134 |   244 ||   446
       Headbutt          |    10 |    22 |    41 ||    73
Invok: Call Merchant     |       |       |     1 ||     1
  Use: Scroll            |     2 |     3 |     8 ||    13
 Stab: Distracted        |       |     1 |     2 ||     3
Armor: Chain mail        |    30 |    78 |   166 ||   274
       Scale mail        |     5 |       |       ||     5
Dodge: Dodged            |    38 |    45 |   112 ||   195
Block: Buckler           |    21 |    27 |    62 ||   110
